AoeStats
← Linkg

Arabia

505147053Analyzed
3v3 RM · 25d ago on Sep 8, 2026· 57m 33s· 6 players
Game mode
Random Map
Map size
Normal (6 player)
Population
200
Speed
Normal
Resources
Standard
Victory
Conquest
Starting age
Dark Age
Ending age
Imperial Age
RankedLock teamsTeams togetherTeam positionsShared explorationLock speedFull tech treeHidden civsTurbo modeCheats
Victory
Defeat
🇨🇱 Franks · Chile
1173
+15
🇨🇱 Maya · Chile
1105
+18
🇨🇱 Italians · Chile
1103
+18
🇨🇷 Ethiopians · Costa Rica
1249
-20
🇨🇷 Persians · Costa Rica
1191
-19
🇨🇷 Vietnamese · Costa Rica
1019
-12
Smitty
0:25 Loom
10:19 Feudal Age
11:01 Double-Bit Axe
13:04 Fletching
15:49 Padded Archer Armor
16:57 Wheelbarrow
20:41 Castle Age
19:33 Gold Mining
20:44 Crossbowman
23:02 Bodkin Arrow
25:15 Wheelbarrow
26:02 Leather Archer Armor
27:17 Town Watch
28:36 Thumb Ring
29:33 Hand Cart
30:49 Ballistics
35:16 Pikeman
35:56 Squires
38:56 Imperial Age
36:52 Horse Collar
39:01 Arbalester
40:13 Town Patrol
41:15 Chemistry
41:07 Conscription
40:46 Eagle Warrior
41:45 Scale Mail Armor
41:55 Forging
45:10 Chain Mail Armor
45:30 Iron Casting
48:14 Heavy Plow
49:37 Plate Mail Armor
50:07 Blast Furnace
51:17 Blast Furnace
49:43 Halberdier
51:24 Arson
51:43 Stone Mining
53:27 Elite Eagle Warrior
tojoka
7:11 Loom
9:26 Feudal Age
10:22 Double-Bit Axe
17:51 Fletching
18:03 Padded Archer Armor
21:49 Castle Age
22:04 Crossbowman
24:31 Leather Archer Armor
26:58 Bow Saw
27:03 Horse Collar
27:59 Pikeman
31:39 Bodkin Arrow
31:50 Scale Barding Armor
31:56 Forging
32:44 Thumb Ring
35:26 Squires
36:13 Ballistics
46:22 Imperial Age
47:47 Conscription
48:53 Two-Man Saw
47:54 Elite Genoese Crossbowman
49:04 Bracer
52:40 Chain Barding Armor
52:55 Iron Casting
51:58 Capped Ram
53:16 Arbalester
58:37 Wheelbarrow
Coyote
6:31 Loom
8:59 Feudal Age
10:15 Double-Bit Axe
10:37 Loom
17:22 Scale Barding Armor
20:33 Castle Age
18:43 Gold Mining
19:30 Forging
22:26 Chain Barding Armor
22:36 Bow Saw
22:39 Husbandry
24:23 Wheelbarrow
26:19 Iron Casting
27:13 Hand Cart
26:43 Town Watch
28:42 Fletching
30:02 Stone Mining
33:07 Bodkin Arrow
41:14 Imperial Age
41:11 Gold Shaft Mining
42:20 Town Patrol
41:58 Cavalier
43:15 Plate Barding Armor
43:40 Blast Furnace
44:39 Paladin
47:50 Caravan
49:03 Ballistics
49:43 Chemistry
48:54 Masonry
49:36 Conscription
53:34 Architecture
53:00 Murder Holes
53:11 Siege Engineers
53:50 Coinage
54:33 Hoardings
Linkg
7:10 Loom
9:27 Feudal Age
10:22 Double-Bit Axe
13:42 Fletching
19:41 Horse Collar
24:19 Castle Age
24:33 Crossbowman
29:50 Bodkin Arrow
48:30 Imperial Age
tupapa13
6:23 Loom
9:02 Feudal Age
9:28 Double-Bit Axe
11:30 Horse Collar
16:15 Wheelbarrow
16:15 Fletching
19:57 Castle Age
19:52 Bloodlines
19:53 Gold Mining
23:18 Scale Barding Armor
22:37 Elite Skirmisher
26:36 Husbandry
27:41 Forging
27:30 Town Watch
28:20 Chain Barding Armor
36:01 Imperial Age
33:47 Hand Cart
34:25 Iron Casting
34:18 Town Patrol
34:48 Bodkin Arrow
34:54 Padded Archer Armor
35:53 Thumb Ring
36:40 Conscription
35:42 Cavalier
38:08 Stone Mining
38:30 Bow Saw
40:40 Plate Barding Armor
40:47 Leather Archer Armor
42:29 Blast Furnace
43:29 Ring Archer Armor
43:47 Imperial Skirmisher
44:49 Ballistics
44:39 Light Cavalry
47:52 Hussar
49:49 Gold Shaft Mining
50:34 Chemistry
49:39 Heavy Plow
53:20 Crop Rotation
53:34 Squires
52:59 Pikeman
EmperorofMayhem94
3:05 Loom
12:06 Feudal Age
17:33 Double-Bit Axe
18:01 Forging
20:11 Bloodlines
20:29 Town Watch
25:06 Castle Age
26:28 Husbandry
25:53 Light Cavalry
26:48 Squires
28:10 Pikeman
29:37 Scale Barding Armor
46:25 Horse Collar
46:57 Gold Mining
54:53 Fletching
55:40 Iron Casting
57:51 Ballistics
Connection lost

Rejoining the realm…

Still unreachable

The connection could not be restored.

Session expired

The server has moved on; the page needs a fresh start.